 Dungeon Crawl Stone Soup version 0.31-a0-801-gc67433417a (webtiles) character file.

Game seed: 8238472679550170671

146600 GordonOverkill the Crack Shot (level 16, -15/108 HPs)
             Began as a Deep Elf Delver on Sept 20, 2023.
             Was the Champion of Okawaru.
             Killed from afar by a merfolk aquamancer (42 damage)
             ... with a shard of ice
             ... on level 4 of the Shoals.
             The game lasted 00:54:54 (26953 turns).

GordonOverkill the Crack Shot (Deep Elf Delver)    Turns: 26953, Time: 00:54:54

Health: -15/108    AC: 14    Str: 12    XL:     16   Next: 90%
Magic:  0/30       EV: 28    Int: 21    God:    Okawaru [******]
Gold:   1655       SH:  0    Dex: 22    Spells: 21/29 levels left

rFire   + . .        a - +8 storm bow {elec, penet}
rCold   x . .        (shield currently unavailable)
rNeg    + . .        Q - +2 leather armour {Will+}
rPois   +            (no helmet)
rElec   .            Z - +1 cloak {rPois}
rCorr   .            z - +2 pair of gloves
SInv    .            o - +2 pair of boots
Will    ++...        B - amulet of guardian spirit
Stlth   +++++        r - +5 ring of evasion
HPRegen 0.38/turn    y - ring "Oqyrakke" {Fire Fly rN+ Str+3 Int+3}
MPRegen 0.22/turn

%: guardian spirit
@: heroic, flying
A: no striking features
a: Renounce Religion, Heroism, Finesse, Duel, Receive Weapon, Receive Armour


You were on level 4 of the Shoals.
You worshipped Okawaru.
Okawaru was exalted by your worship.
You visited 5 branches of the dungeon, and saw 27 of its levels.
You also visited: Bailey.

You collected 3058 gold pieces.
You spent 1403 gold pieces at shops.

Inventory:

Hand Weapons
 a - the +8 storm bow (weapon) {elec, penet}
   (You acquired it on level 8 of the Dungeon)
Missiles
 F - 5 throwing nets
Armour
 o - a +2 pair of boots (worn)
 q - a +2 robe of fire resistance
 z - a +2 pair of gloves (worn)
 Q - a +2 leather armour of willpower (worn)
 Z - a +1 cloak of poison resistance (worn)
Jewellery
 i - a +6 ring of intelligence
 r - a +5 ring of evasion (left hand)
 t - an amulet of reflection
 y - the ring "Oqyrakke" (right hand) {Fire Fly rN+ Str+3 Int+3}
   (You found it on level 3 of the Dungeon)

   [ring of fire]

   Fire:      It enhances your fire magic.
   Str+3:     It affects your strength (+3).
   Int+3:     It affects your intelligence (+3).
   rF+:       It protects you from fire.
   rC-:       It makes you vulnerable to cold.
   rN+:       It protects you from negative energy.
   Fly:       It grants you flight.
 B - an amulet of guardian spirit (around neck)
 E - an amulet of regeneration
 T - a ring of resist corrosion
 U - the ring of Mutualism {rElec rC+ MP+9 Dex-2 SInv}
   (You found it on level 12 of the Dungeon)

   [ring of protection from cold]

   Dex-2:     It affects your dexterity (-2).
   rC+:       It protects you from cold.
   rElec:     It insulates you from electricity.
   MP+9:      It affects your magic capacity (+9).
   SInv:      It lets you see invisible.
Wands
 g - a wand of digging (3)
 m - a wand of mindburst (16)
 C - a wand of flame (33)
 H - a wand of paralysis (22)
 K - a wand of iceblast (25)
 O - a wand of acid (15)
Scrolls
 b - 5 scrolls of enchant weapon
 c - 8 scrolls of fog
 h - 2 scrolls of amnesia
 n - 5 scrolls of noise
 p - 7 scrolls of teleportation
 u - 6 scrolls of vulnerability
 v - 4 scrolls of silence
 w - 4 scrolls of poison
 J - 4 scrolls of fear
 N - 6 scrolls of revelation
 R - 2 scrolls of brand weapon
 S - 4 scrolls of identify
 V - a scroll of immolation
Potions
 d - 2 potions of invisibility
 f - 3 potions of haste
 j - 6 potions of mutation
 k - a potion of might
 l - 5 potions of curing
 s - 6 potions of enlightenment
 D - a potion of heal wounds
 G - 3 potions of lignification
 I - 4 potions of cancellation
 M - 2 potions of ambrosia
Miscellaneous
 e - a phantom mirror


   Skills:
 - Level 15.0(20.0) Fighting
 - Level 2.0(7.0) Short Blades
 - Level 21.1(26.1) Ranged Weapons
 - Level 10.0(15.0) Dodging
 - Level 6.0(11.0) Stealth
 - Level 7.0 Spellcasting
 - Level 5.0 Necromancy
 - Level 7.0 Ice Magic
 + Level 4.7 Earth Magic
 - Level 16.0 Invocations
 - Level 4.0 Evocations


You had 21 spell levels left.
You knew the following spells:

 Your Spells              Type           Power      Damage    Failure   Level
a - Ozocubu's Armour      Ice            36%        N/A       1%          3
b - Borgnjor's Vile Clut  Necr/Erth      13%        N/A       38%         5

Your spell library contained the following spells:

 Spells                   Type           Power      Damage    Failure   Level
 Kiss of Death            Conj/Necr      68%        2d10      4%          1
 Cigotuvi's Dreadful Rot  Necr/Pois/Air  28%        N/A       9%          2
 Foxfire                  Conj/Fire      44%        2x1d6     11%         1
 Stone Arrow              Conj/Erth      34%        3d9       13%         3
 Dispel Undead            Necr           28%        3d13      14%         4
 Poisonous Vapours        Pois/Air       14%        N/A       17%         2
 Static Discharge         Conj/Air       14%        2-3/arc   17%         2
 Wereblood                Tmut           7%         N/A       17%         2
 Confusing Touch          Hex            7%         N/A       32%         3
 Ignite Poison            Fire/Tmut/Pois 11%        N/A       32%         3
 Mephitic Cloud           Conj/Pois/Air  7%         N/A       32%         3
 Leda's Liquefaction      Hex/Erth       8%         N/A       38%         4
 Lee's Rapid Deconstruct  Erth           13%        3d9*      41%         5
 Metabolic Englaciation   Hex/Ice        11%        N/A       58%         5
 Airstrike                Air            3%         2d(1-17)  73%         4
 Cause Fear               Hex            3%         N/A       73%         4
 Freezing Cloud           Conj/Ice/Air   8%         6-21      77%         5
 Fireball                 Conj/Fire      5%         3d5       97%         5
 Irradiate                Conj/Tmut      3%         3d12      97%         5
 Iskenderun's Battlesphe  Conj           7%         2d6       97%         5
 Leda's Unmaking          Conj/Erth      8%         9d2       100%        6
 Plasma Beam              Fire/Air       5%         2x1d16    100%        6
 Starburst                Conj/Fire      5%         6d4       100%        6
 Lehudib's Crystal Spear  Conj/Erth      8%         10d4      100%        8
 Summon Small Mammal      Summ           Unusable   N/A       N/A         1
 Animate Dead             Necr           Unusable   N/A       N/A         4
 Call Canine Familiar     Summ           Unusable   N/A       N/A         3
 Summon Guardian Golem    Hex/Summ       Unusable   N/A       N/A         3
 Animate Armour           Summ/Erth      Unusable   N/A       N/A         4
 Summon Lightning Spire   Summ/Air       Unusable   N/A       N/A         4
 Simulacrum               Ice/Necr       Unusable   N/A       N/A         6
 Death Channel            Necr           Unusable   N/A       N/A         6
 Spellforged Servitor     Conj/Summ      Unusable   N/A       N/A         7
 Dragon's Call            Summ           Unusable   N/A       N/A         9

Dungeon Overview and Level Annotations

Branches:
Dungeon (15/15)            Temple (1/1) D:6            Lair (5/5) D:10
 Shoals (4/4) Lair:3        Snake (0/4) Lair:3        Slime (0/5) Lair:4
    Orc (2/2) D:12            Elf (0/3) Orc:2        Vaults (0/5) D:14
 Depths (0/4) D:15         Bailey (visited)

Altars:
Ashenzari
Cheibriados
Dithmenos
Elyvilon
Fedhas
Gozag
Hepliaklqana
Kikubaaqudgha
Makhleb
Nemelex Xobeh
Okawaru
Qazlal
Ru
Sif Muna
Trog
Uskayaw
Vehumet
Wu Jian
Xom
Yredelemnul
Zin
The Shining One
Jiyva

Shops:
D:6 (   D:12 [   Orc:2 [??[   Shoals:2 *(([

Annotations:
D:5 Dowan, Duvessa


Message History

You assume a fearsome visage.
The sea snake looks frightened!
The merfolk aquamancer looks frightened!
The wind drake looks frightened!
The merfolk aquamancer casts a spell.
The merfolk aquamancer blinks!
The merfolk aquamancer gestures wildly while chanting.
The merfolk aquamancer blinks!
A snapping turtle comes into view.
You start resting.
A merfolk aquamancer comes into view. It is wielding a +0 rapier.
A merfolk aquamancer is nearby!
Fire: a) +8 storm bow {elec, penet}
Press: ? - help, Q - select action, (/) - cycle Shift-Dir - straight line, f - merfolk aquamancer
Aim: a merfolk aquamancer, wielding a +0 rapier and wearing a +0 robe (water, wandering, hasn't noticed you, 75% to hit)
You shoot an arrow. The merfolk aquamancer shouts!
The arrow pierces through the merfolk aquamancer!
The merfolk aquamancer is lightly wounded.
Fire: a) +8 storm bow {elec, penet}
Press: ? - help, Q - select action, (/) - cycle Shift-Dir - straight line, f/p - merfolk aquamancer
Aim: a merfolk aquamancer, wielding a +0 rapier and wearing a +0 robe (water, lightly wounded, 75% to hit)
You shoot an arrow.
The arrow pierces through the merfolk aquamancer.
The merfolk aquamancer is lightly wounded.
The merfolk aquamancer points at you and mumbles some strange words.
The ball of steam hits you! You resist.
* * * LOW HITPOINT WARNING * * *
Fire: a) +8 storm bow {elec, penet}
Press: ? - help, Q - select action, (/) - cycle Shift-Dir - straight line, f - you Really target yourself?
Okay, then.
Fire: a) +8 storm bow {elec, penet}
Press: ? - help, Q - select action, (/) - cycle Shift-Dir - straight line, f - merfolk aquamancer
Aim: a merfolk aquamancer, wielding a +0 rapier and wearing a +0 robe (lightly wounded, 75% to hit)
You shoot an arrow.
The arrow barely misses the merfolk aquamancer.
You gain the combat prowess of a mighty hero.
The merfolk aquamancer gestures at you while chanting.
The shard of ice hits you!!!
You feel a painful chill!
You die...

~~≈≈≈≈≈≈≈≈≈~~.............~≈≈≈≈≈≈
~~~≈≈≈≈≈≈≈≈~)............~~≈≈≈≈≈≈
.~~≈≈≈≈≈≈≈≈~)............~≈≈≈≈≈≈≈
.~~≈≈≈≈≈≈≈≈≈).........~~~~≈≈≈≈≈≈≈
~~~≈≈≈≈≈≈≈≈≈)....~~~....~~≈≈≈≈≈≈≈
~~≈≈≈≈≈≈≈≈≈≈≈~.....~.....~~≈≈≈≈≈≈
≈≈≈≈≈≈≈≈≈§§≈≈~...~....~~~~~≈≈≈≈≈≈
~≈≈≈≈≈≈m§≈§~~~........~~~~~~~≈≈≈≈
~≈≈≈≈≈≈≈§≈§m~~~.@.....~...†~~≈≈≈≈
~≈≈≈≈≈≈≈§≈~~~~~...#...~...~~~≈≈≈≈
~≈≈≈≈≈≈≈≈≈~~~~.~.....~...~~~≈≈≈≈≈
~~~~~≈≈≈≈≈≈≈~..~~..~~~..~~~≈≈≈≈≈≈
~~~~~≈≈≈≈≈≈≈~.~~~.~~~~.~~~≈≈≈≈≈≈≈
~~~~~≈≈≈≈≈≈≈~~~~~~..~~~~~~~~≈≈≈≈≈
.~~~~≈≈≈≈≈≈≈≈≈~~~...~~~≈≈~~~≈≈≈≈≈
~~~~~≈≈≈≈≈≈≈≈≈~.~..~~~≈≈≈~~~≈≈≈≈≈
~~~~~~≈≈≈≈≈≈≈≈~~..~~~≈≈≈≈≈≈≈≈≈≈≈≈


You could see a merfolk aquamancer.

Vanquished Creatures
  Jorgrun (D:14)
  A kraken (Shoals:3)
  A stone giant (D:15)
  Nessos (D:14)
  Azrael (Orc:2)
  An ettin (Orc:2)
  8 merfolk impalers
  A merfolk javelineer (Shoals:3)
  Snorg (Lair:4)
  2 vault guards (Bailey)
  2 catoblepae
  An alligator snapping turtle (Shoals:3)
  5 ogre magi
  3 merfolk avatars
  9 hydras
  2 merfolk aquamancers
  6 centaur warriors
  22 two-headed ogres
  2 tengu warriors
  2 boulder beetles
  3 satyrs (Shoals:2)
  3 death yaks
  Urug (D:14)
  Sonja (Lair:1)
  3 skeletal warriors (D:13)
  A goliath frog (Lair:5)
  3 skysharks
  A death drake (shapeshifter) (Arena)
  5 sea snakes
  An orange crystal statue (D:13)
  Pikel (D:8)
  A harpy (shapeshifter) (D:14)
  9 harpies
  3 orc knights
  14 fauns
  4 deep elf pyromancers
  4 cyclopes
  16 manticores
  3 ugly things
  An oklob plant (D:10)
  2 orc sorcerers
  2 black mambas
  9 merfolk sirens
  14 elephants
  4 water nymphs
  Maurice (Orc:2)
  2 gargoyles
  21 cane toads
  Psyche (D:11)
  An efreet (D:14)
  A rime drake (Lair:5)
  A tengu conjurer (D:14)
  2 freezing wraiths (D:15)
  5 komodo dragons
  6 trolls
  3 tyrant leeches (Lair:5)
  A meliai (shapeshifter) (D:13)
  31 merfolk
  7 wind drakes
  3 polar bears
  Prince Ribbit (Bailey)
  23 blink frogs
  12 snapping turtles
  12 slime creatures
  9 water elementals
  4 wyverns
  2 shadows
  41 yaks
  2 wraiths (D:11)
  22 humans
  3 basilisks
  A fire elemental (Orc:2)
  9 vampire mosquitoes
  Menkaure (D:7)
  3 wargs
  4 nagas (Lair:3)
  12 water moccasins
  6 hell hounds (Orc:2)
  4 acid dragons
  An ice beast (D:6)
  11 orc warriors
  2 sky beasts
  3 black bears
  30 ogres
  10 wolves
  A lemure (D:8)
  14 centaurs
  2 phantoms
  29 bullfrogs
  4 kobold brigands
  5 necrophages (Lair:3)
  6 scorpions
  11 wights
  9 killer bees
  13 electric eels
  2 howler monkeys
  9 lava snakes
  2 gnoll boudas
  3 hounds
  5 jellies
  7 orc priests
  4 sleepcaps
  4 iguanas
  21 orc wizards
  10 hell rats
  11 gnolls
  12 adders
  3 shadow imps (D:7)
  2 white imps (D:6)
  A worm (D:4)
  4 dart slugs
  55 orcs
  6 endoplasms
  3 giant cockroaches
  9 goblins
  11 hobgoblins
  8 quokkas
  3 training dummies (D:6)
  4 ball pythons
  5 bats (D:1)
  5 frilled lizards
  24 kobolds
  7 rats
  2 tentacles (Shoals:3)
831 creatures vanquished.

Vanquished Creatures (others)
  3 tentacles (Shoals:3)
3 creatures vanquished.

Grand Total: 834 creatures vanquished

Notes
Turn   | Place    | Note
-------+----------+-------------------------------------------
     0 | D:5      | GordonOverkill the Deep Elf Delver began the quest for the
                  | Orb.
     0 | D:5      | Reached XP level 1. HP: 13/13 MP: 3/3
     2 | D:6      | Noticed a sleepcap
    14 | D:5      | Noticed an ogre
    21 | D:5      | Killed an ogre
    22 | D:5      | Reached skill level 5 in Ranged Weapons
    22 | D:5      | Reached XP level 2. HP: 18/18 MP: 4/4
    22 | D:5      | Reached XP level 3. HP: 22/22 MP: 5/5
    22 | D:5      | Reached XP level 4. HP: 27/27 MP: 6/6
    54 | D:5      | Noticed a phantom
   751 | D:1      | Reached skill level 6 in Ranged Weapons
  1195 | D:2      | Reached XP level 5. HP: 31/31 MP: 7/7
  1546 | D:2      | Found a basalt altar of Yredelemnul.
  1842 | D:2      | Reached skill level 7 in Ranged Weapons
  2062 | D:3      | Identified the +10 trident of Perversion {freeze, rC+
                  | Str+6}
  2130 | D:3      | Identified the ring "Oqyrakke" {Fire Fly rN+ Str+3 Int+3}
  2272 | D:3      | Found a faded altar of an unknown god.
  2860 | D:4      | Reached XP level 6. HP: 36/36 MP: 8/8
  2876 | D:4      | Reached skill level 8 in Ranged Weapons
  2935 | D:4      | Found an ornate altar of the Wu Jian Council.
  3240 | D:5      | Identified the +0 pair of boots of the Hunter {Fly Str+5
                  | Int+3}
  3265 | D:5      | Reached skill level 9 in Ranged Weapons
  3345 | D:5      | Noticed Duvessa
  3346 | D:5      | Noticed Dowan
  3559 | D:5      | Found a hazy altar of Hepliaklqana.
  3618 | D:5      | Reached XP level 7. HP: 40/40 MP: 9/9
  4024 | D:5      | Reached skill level 10 in Ranged Weapons
  4075 | D:5      | Found a blossoming altar of Fedhas.
  4377 | D:6      | Found a staircase to the Ecumenical Temple.
  4385 | Temple   | Entered the Ecumenical Temple
  4404 | Temple   | Became a worshipper of Warmaster Okawaru
  4446 | D:6      | Reached skill level 11 in Ranged Weapons
  4505 | D:7      | Noticed Menkaure
  4669 | D:6      | Reached XP level 8. HP: 35/45 MP: 8/10
  4734 | D:6      | Reached skill level 12 in Ranged Weapons
  4796 | D:6      | Reached * piety under Okawaru
  4813 | D:6      | Found an opulent altar of Gozag.
  4863 | D:6      | Found Kosiggy's Firing Range.
  4987 | D:6      | Reached skill level 13 in Ranged Weapons
  5354 | D:6      | Reached skill level 14 in Ranged Weapons
  5665 | D:7      | Killed Menkaure
  5666 | D:7      | Reached XP level 9. HP: 49/49 MP: 11/11
  5680 | D:7      | Found a shimmering altar of Xom.
  5680 | D:7      | Found a shimmering altar of Xom.
  5707 | D:7      | Reached skill level 15 in Ranged Weapons
  5771 | D:7      | Found a shimmering altar of Xom.
  5776 | D:7      | Found a shimmering altar of Xom.
  5777 | D:7      | Found a shimmering altar of Xom.
  5780 | D:7      | Found a shimmering altar of Xom.
  5782 | D:7      | Found a shimmering altar of Xom.
  6547 | D:7      | Found a shimmering altar of Xom.
  6547 | D:7      | Noticed a two-headed ogre
  6559 | D:7      | Reached ** piety under Okawaru
  6560 | D:7      | Reached skill level 16 in Ranged Weapons
  7315 | D:7      | Found a shimmering blue altar of Sif Muna.
  7342 | D:7      | Found a shimmering blue altar of Sif Muna.
  7401 | D:7      | Found a shimmering altar of Xom.
  7718 | D:7      | Found a shimmering altar of Xom.
  7718 | D:7      | Found a shimmering altar of Xom.
  7719 | D:7      | Found a shimmering altar of Xom.
  7722 | D:7      | Found a shimmering altar of Xom.
  7722 | D:7      | Found a shimmering altar of Xom.
  7725 | D:7      | Found a shimmering altar of Xom.
  7731 | D:7      | Killed a two-headed ogre
  7732 | D:7      | Reached skill level 17 in Ranged Weapons
  7780 | D:7      | Found a shimmering altar of Xom.
  8253 | D:8      | Noticed Pikel
  8263 | D:8      | Killed Pikel
  8263 | D:8      | Reached *** piety under Okawaru
  8264 | D:8      | Reached skill level 18 in Ranged Weapons
  8264 | D:8      | Reached XP level 10. HP: 49/54 MP: 9/12
  8521 | D:8      | Identified a scroll of acquirement
  8521 | D:8      | Acquired the +8 storm bow {elec, penet}
  8521 | D:8      | Found the +8 storm bow {elec, penet}
  8601 | D:8      | Found an ancient bone altar of Kikubaaqudgha.
  8909 | D:8      | Found a sacrificial altar of Ru.
  9445 | D:9      | Found a glowing golden altar of the Shining One.
  9496 | D:9      | Reached skill level 19 in Ranged Weapons
  9505 | D:9      | HP: 1/54 [acid dragon/splash of acid (26)]
 10343 | D:10     | Entered Level 10 of the Dungeon
 10396 | D:10     | Found a white marble altar of Elyvilon.
 10523 | D:10     | Found a flagged portal.
 10533 | Bailey   | Entered a bailey
 10542 | Bailey   | Reached **** piety under Okawaru
 10546 | Bailey   | Reached skill level 20 in Ranged Weapons
 10591 | Bailey   | Received a gift from Okawaru
 10660 | Bailey   | Noticed a vault guard
 10660 | Bailey   | Noticed Prince Ribbit
 10672 | Bailey   | Killed Prince Ribbit
 10677 | Bailey   | Killed a vault guard
 10678 | Bailey   | Reached skill level 21 in Ranged Weapons
 10678 | Bailey   | Reached XP level 11. HP: 47/58 MP: 8/13
 10757 | Bailey   | Noticed a vault guard
 10766 | Bailey   | Killed a vault guard
 10888 | D:10     | Found a shadowy altar of Dithmenos.
 10975 | D:10     | Reached ***** piety under Okawaru
 10975 | D:10     | Noticed a two-headed ogre
 11178 | D:10     | Reached skill level 5 in Invocations
 11376 | D:10     | Killed a two-headed ogre
 11393 | D:10     | Found a staircase to the Lair.
 11393 | D:10     | Noticed an oklob plant
 11450 | D:10     | Killed an oklob plant
 11616 | Lair:1   | Entered Level 1 of the Lair of Beasts
 11783 | Lair:1   | Reached skill level 5 in Fighting
 11816 | Lair:1   | Noticed Sonja
 11818 | Lair:1   | Killed Sonja
 11966 | Lair:1   | Received a gift from Okawaru
 12333 | Lair:1   | Reached XP level 12. HP: 70/70 MP: 18/18
 12703 | Lair:2   | Reached ****** piety under Okawaru
 12986 | Lair:3   | Found a staircase to the Shoals.
 13097 | Lair:3   | Found a staircase to the Snake Pit.
 13187 | Lair:3   | Noticed a six-headed hydra
 13192 | Lair:3   | Killed a six-headed hydra
 13272 | Lair:3   | Noticed a four-headed hydra
 13280 | Lair:3   | Killed a four-headed hydra
 13281 | Lair:3   | Reached skill level 10 in Fighting
 13598 | Lair:3   | You are sucked into a shaft and drop 1 floor!
 13601 | Lair:4   | Found a viscous altar of Jiyva.
 13601 | Lair:4   | Found a staircase to the Slime Pits.
 13958 | Lair:4   | Noticed a five-headed hydra
 13962 | Lair:4   | Killed a five-headed hydra
 13963 | Lair:4   | Reached skill level 5 in Dodging
 14063 | Lair:4   | Noticed a five-headed hydra
 14077 | Lair:4   | Killed a five-headed hydra
 14092 | Lair:4   | Found an ancient bone altar of Kikubaaqudgha.
 14125 | Lair:4   | Noticed Snorg
 14131 | Lair:4   | Killed Snorg
 14220 | Lair:4   | Reached XP level 13. HP: 82/82 MP: 19/19
 14926 | Lair:5   | Entered Level 5 of the Lair of Beasts
 15367 | Lair:5   | Reached skill level 10 in Dodging
 15693 | Lair:5   | Reached skill level 10 in Invocations
 15977 | Lair:5   | Reached XP level 14. HP: 88/88 MP: 24/24
 16398 | D:11     | Identified the +3 ring mail of Hior {Int+3}
 16418 | D:11     | Noticed Psyche
 16422 | D:11     | Killed Psyche
 16878 | D:12     | Found a staircase to the Orcish Mines.
 16978 | D:12     | Identified the ring of Mutualism {rElec rC+ MP+9 Dex-2
                  | SInv}
 16985 | D:12     | Found Runa's Armour Shoppe.
 18193 | D:13     | Reached skill level 15 in Invocations
 18411 | D:14     | Noticed Jorgrun
 18426 | D:14     | Killed Jorgrun
 18597 | D:14     | Noticed Urug
 18603 | D:14     | Killed Urug
 18636 | D:14     | Noticed Nessos
 18651 | D:14     | Killed Nessos
 18762 | D:14     | Found a gate to the Vaults.
 19207 | D:14     | Reached XP level 15. HP: 96/96 MP: 28/28
 19336 | Arena    | Entered the Arena
 19651 | D:15     | Entered Level 15 of the Dungeon
 19902 | D:15     | Found a shimmering altar of Xom.
 19925 | D:15     | Found a staircase to the Depths.
 19964 | D:15     | Found a broken altar of Ashenzari.
 20799 | D:15     | Found an ornate altar of the Wu Jian Council.
 21054 | Orc:1    | Entered Level 1 of the Orcish Mines
 21189 | Orc:2    | Entered Level 2 of the Orcish Mines
 21191 | Orc:2    | Noticed Maurice
 21196 | Orc:2    | Killed Maurice
 21242 | Orc:2    | Received a gift from Okawaru
 21308 | Orc:2    | Found Zepp's Antique Armour Shoppe.
 21308 | Orc:2    | Found Fosaef's Magic Scroll Shop.
 21309 | Orc:2    | Found Qoafedghi's Magic Scroll Shop.
 21309 | Orc:2    | Found Odestrum's Armour Emporium.
 21317 | Orc:2    | Bought a scroll of enchant armour for 127 gold pieces
 21317 | Orc:2    | Bought a scroll of fear for 68 gold pieces
 21317 | Orc:2    | Bought a scroll of blinking for 127 gold pieces
 21317 | Orc:2    | Bought a scroll of teleportation for 51 gold pieces
 21318 | Orc:2    | Bought a +1 cloak of poison resistance for 175 gold pieces
 21319 | Orc:2    | Bought a scroll of fear for 72 gold pieces
 21319 | Orc:2    | Bought a scroll of enchant armour for 135 gold pieces
 21319 | Orc:2    | Bought a scroll of fog for 72 gold pieces
 21414 | Orc:2    | Found a staircase to the Elven Halls.
 21660 | Orc:2    | Noticed Azrael
 21695 | Orc:2    | Killed Azrael
 21869 | Orc:2    | Received a gift from Okawaru
 22080 | Orc:2    | Bought a colourful robe for 199 gold pieces
 22080 | Orc:2    | Identified the +0 robe of Hadjma {Int+2} (You bought it in
                  | a shop on level 2 of the Orcish Mines)
 22608 | Shoals:1 | Entered Level 1 of the Shoals
 22923 | Shoals:1 | Reached skill level 15 in Fighting
 22929 | Shoals:1 | Learned a level 3 spell: Ozocubu's Armour
 22954 | Shoals:1 | Reached skill level 1 in Spellcasting
 22962 | Shoals:1 | Reached skill level 1 in Ice Magic
 23078 | Shoals:1 | Reached XP level 16. HP: 74/108 MP: 19/29
 23586 | Shoals:2 | Found Nastrog's Antique Weapon Shop.
 23699 | Shoals:2 | Reached skill level 5 in Spellcasting
 23849 | Shoals:2 | Found a blossoming altar of Fedhas.
 23870 | Shoals:2 | Reached skill level 5 in Ice Magic
 24029 | Shoals:2 | Found Cuegiv's Armour Emporium.
 24328 | Shoals:2 | Found Ekhi's Weapon Boutique.
 24380 | Shoals:2 | Found Lempoenint's Assorted Antiques.
 24384 | Shoals:2 | Bought a potion of heal wounds for 145 gold pieces
 24384 | Shoals:2 | Bought a potion of cancellation for 232 gold pieces
 25638 | Shoals:3 | Noticed a kraken
 25647 | Shoals:3 | Killed a kraken
 25695 | Shoals:3 | Learned a level 5 spell: Borgnjor's Vile Clutch
 25943 | Shoals:4 | Entered Level 4 of the Shoals
 25950 | Shoals:4 | Reached skill level 1 in Necromancy
 25950 | Shoals:4 | Reached skill level 1 in Earth Magic
 26456 | Shoals:4 | Identified the +10 halberd "Mud Pie of Death" {flame, *Rage
                  | Will++ Int+3 Dex+3}
 26873 | Shoals:4 | Reached skill level 5 in Necromancy
 26953 | Shoals:4 | Killed from afar by a merfolk aquamancer

Illustrated notes

Levels and vault maps discovered:
D:1:      lemuel_arrival_river_ford, layout_loops_ring
D:2:      layout_basic, basic_altar, serial_bayou_ford_a, nicolae_half_adder
D:3:      layout_loops_cross, hellmonk_ecumenical_altar_pennies_from_heaven,
          hex_large, wander_ebering_terrifying_dragon_lair
D:4:      layout_rooms, mainiacjoe_overflow_boulevard
D:5:      layout_loops_ring, worldfamousw_hep_ancestral_shrine,
          lemuel_round_altar, uniq_duvessa
D:6:      minmay_polygon_palace, layout_basic, mainiacjoe_overflow_24_doors,
          minmay_temple_entry_wispy, nicolae_shop_firing_range
D:7:      layout_loops_corners, kennysheep_orc_sif_temple, xom_redecorated,
          minmay_ruined_shrine, uniq_menkaure
D:8:      layout_basic, lemuel_round_altar, nicolae_ru_path_of_blood, uniq_pikel
D:9:      layout_cave_pods, mainiacjoe_overflow_surrounded_room,
          serial_bayou_pond_c
D:10:     minmay_angry_zag, layout_loops_cross, grunt_dithmenos_shadows,
          mainiacjoe_overflow_cross_hatched, dpeg_oklobed_lair, enter_bailey_4,
          nrook_pool_corridor
D:11:     layout_cave_pools, serial_column_ruins, column_ruins_square_small,
          column_ruins_corridor_plus, column_ruins_open_medium,
          column_ruins_open_small, column_ruins_columns_straight, uniq_psyche
D:12:     layout_basic, serial_shops, nicolae_shop_crystal
D:13:     layout_long_grid, disabler_island
D:14:     layout_basic, david_vaults_3, minivault_25, uniq_jorgrun
D:15:     grunt_enter_depths_giant_problem, layout_loops_corners,
          lemuel_coloured_pillars_altar, hangedman_feature_mirror
Temple:   nicolae_temple_ecumenical_triangle
Lair:1:   layout_regular_city, serial_bayou, serial_bayou_pond_a,
          serial_bayou_shore_a, serial_bayou_shore_b, serial_bayou_pond_d,
          serial_bayou_crossing, serial_bayou_lagoon_b,
          infiniplex_staircase_pool, uniq_sonja
Lair:2:   layout_big_grid, grunt_megastairs_4, lemuel_fruit_fields
Lair:3:   layout_concentric_octagons, shoals_dummy_entry,
          minmay_snake_entry_guardpost_small, roderic_carrion_pond
Lair:4:   layout_regular_city, slime_entry_1, basic_altar,
          nicolae_lair_grove_arrangements, nicolae_lair_liquid_snakes,
          uniq_snorg
Lair:5:   minmay_lair_end_frog_pond, layout_regular_city, minivault_23
Shoals:1: layout_shoals
Shoals:2: layout_shoals, serial_shops, nicolae_shop_tiny_glass, shop,
          shop_statue, nicolae_shop_pleasant_corner_grove, lemuel_altar_in_water
Shoals:3: layout_shoals
Shoals:4: shoals_end_simple, layout_shoals
Orc:1:    layout_caves
Orc:2:    st_orc_ogre_mass, layout_caves, mines1_david, uniq_azrael, uniq_urug,
          uniq_maurice

Skill      XL: |  1  2  3  4  5  6  7  8  9 10 11 12 13 14 15 16 |
---------------+-------------------------------------------------+-----
Ranged Weapons | 5 6 7 9 11 14 18 21 | 21.1
Invocations    | 6 11 15 16 | 16.0
Evocations     | 4 |  4.0
Fighting       | 6 10 11 15 | 15.0
Dodging        | 7 10 | 10.0
Spellcasting   | 2 7 |  7.0
Ice Magic      | 1 7 |  7.0
Necromancy     | 5 |  5.0
Earth Magic    | 4 |  4.7
Short Blades   | |  2.0
Stealth        | |  6.0

Action                     |  1- 3 |  4- 6 |  7- 9 | 10-12 | 13-15 | 16-18 || total
---------------------------+-------+-------+-------+-------+-------+-------++-------
   Fire: Arbalest          |     4 |   199 |   244 |    16 |       |       ||   463
         Longbow           |       |       |       |   470 |   984 |   487 ||  1941
   Cast: Ozocubu's Armour  |       |       |       |       |       |     2 ||     2
 Invoke: Heroism           |       |       |     3 |     6 |    12 |     6 ||    27
         Finesse           |       |       |       |       |     5 |     1 ||     6
         Duel              |       |       |       |       |     1 |       ||     1
  Evoke: Wand              |       |       |     9 |       |     1 |       ||    10
    Use: Scroll            |     1 |       |     8 |    18 |    11 |     1 ||    39
         Potion            |       |       |     1 |       |     3 |     3 ||     7
 Armour: Leather armour    |       |    65 |   110 |    18 |    85 |   113 ||   391
         Robe              |       |       |       |    24 |       |       ||    24
  Dodge: Dodged            |       |    52 |    89 |    73 |   123 |   208 ||   545

Table legend: (Time is in decaauts)
 A = Elapsed time spent in this place.
 B = Non-inter-level travel time spent in this place.
 C = Inter-level travel time spent in this place.
 D = Time resting spent in this place.
 E = Time spent auto-exploring this place.
 F = Levels seen in this place.
 G = Mean time per level.
                   A        B        C        D        E       F      G
               +--------+--------+--------+--------+--------+-----+--------+
         Total |  26600 |  24956 |   1644 |   5155 |  15554 |  29 |  917.2 |
       Dungeon |  16100 |  15127 |    973 |   2984 |   9750 |  15 | 1073.3 |
        Temple |     36 |      3 |     33 |      0 |      0 |   1 |   36.0 |
          Lair |   4618 |   4188 |    430 |    665 |   2746 |   5 |  923.6 |
        Shoals |   4187 |   4143 |     44 |   1252 |   2192 |   4 | 1046.8 |
  Orcish Mines |   1364 |   1201 |    163 |    180 |    800 |   2 |  682.0 |
        Bailey |    255 |    255 |      0 |     51 |     66 |   1 |  255.0 |
         Arena |     37 |     37 |      0 |     22 |      0 |   1 |   37.0 |
               +--------+--------+--------+--------+--------+-----+--------+

Top non-repeatable levels by time:
     D:7: 2452 daAuts
     D:6: 1556 daAuts
  Lair:4: 1361 daAuts
Shoals:2: 1330 daAuts
    D:15: 1241 daAuts
    D:14: 1230 daAuts
     D:8: 1151 daAuts
    D:10: 1102 daAuts
     D:2: 1047 daAuts
  Lair:3: 1028 daAuts
Shoals:3: 978 daAuts
     D:9: 970 daAuts
Shoals:4: 969 daAuts
   Orc:2: 949 daAuts
  Lair:1: 942 daAuts
